 Dungeon Sprint DCSS version 0.29-a0-551-gffc1d7fb78 (webtiles) character file.

Game seed: 1253805682127915412

354 mhtbhm the Grappler (level 6, -1/48 HPs)
             Began as a Demigod Transmuter on June 5, 2022.
             Slain by a two-headed ogre
             ... wielding a +0 giant club
              (31 damage)
             ... in the Dungeon (Sprint IX: "|||||||||||||||||||||||||||||").
             The game lasted 00:01:11 (340 turns).

mhtbhm the Grappler (Demigod Transmuter)             Turns: 340, Time: 00:01:11

Health: -1/48      AC: 10    Str: 19    XL:     6   Next: 13%
Magic:  14/16      EV: 15    Int: 15    God:
Gold:   0          SH:  0    Dex: 14    Spells: 4/14 levels left

rFire   . . .      SeeInvis .     - Unarmed
rCold   . . .      Faith    .   (no shield)
rNeg    . . .      Spirit   .   b - +2 ring mail
rPois   .          Reflect  .   (helmet currently unavailable)
rElec   .          Harm     .   (no cloak)
rCorr   .          Rampage  .   k - +0 pair of gloves
Will    .....      NoTele   +   (boots currently unavailable)
Stlth   +.........              (no amulet)
HPRegen 0.16/turn               m - +2 ring of protection
MPRegen 0.15/turn               n - +2 ring of evasion

@: appendages (expiring), slowed, invisible, very slow
A: horns 2, talons 2, high MP 1, forlorn, divine attributes
a: End Transformation


You were in the Dungeon.
You had temporarily grown beastly horns and talons.
You visited 1 branch

Inventory:

Armour
 a - a +0 robe
 b - a +2 ring mail (worn)
 k - a +0 pair of gloves (worn)
Jewellery
 m - a +2 ring of protection (left hand)
 n - a +2 ring of evasion (right hand)
Wands
 j - a wand of iceblast (10)
Scrolls
 h - 2 scrolls of blinking
 i - 2 scrolls of amnesia
Potions
 c - 5 potions of curing
 d - 2 potions of heal wounds
 e - a potion of haste
 f - 4 potions of magic
 l - a potion of lignification


   Skills:
 + Level 2.1 Fighting
 + Level 1.1 Armour
 + Level 5.0 Dodging
 + Level 9.4 Unarmed Combat
 + Level 4.8 Spellcasting
 + Level 4.8 Transmutations


You had 4 spell levels left.
You knew the following spells:

 Your Spells              Type           Power      Damage    Failure   Level
a - Beastly Appendage     Tmut           36%        N/A       3%          1
b - Wereblood             Tmut           18%        N/A       6%          2
c - Spider Form           Tmut/Pois      10%        N/A       32%         3
d - Ice Form              Ice/Tmut       10%        N/A       71%         4

Your spell library contained the following spells:

 Spells                   Type           Power      Damage    Failure   Level


Dungeon Overview and Level Annotations

Branches:
Dungeon (1/1)


Innate Abilities, Weirdness & Mutations

You have temporarily grown beastly horns and talons.
You have an increased reservoir of magic. (+10% MP)
You shall have no god before yourself.
Your divine heritage dramatically boosts your attributes as you level up.


Message History

The wraith is heavily damaged.
The wraith hits you!
You closely miss the wraith. You claw the wraith, but do no damage.
Your headbutt misses the wraith.
The wraith is heavily damaged.
The wraith misses you.
You closely miss the wraith. You claw the wraith.
The wraith is heavily damaged.
Your primal bloodlust has ended.
The wraith barely misses you.
You punch the wraith! You claw the wraith, but do no damage.
The wraith is severely damaged.
Your transformation is almost over.
The wraith hits you! The wraith drains your vigour!
You feel as though you will be slow longer.
You hit the wraith. You claw the wraith, but do no damage.
The wraith is almost destroyed.
The wraith closely misses you. The wraith misses you.
You closely miss the wraith. Your kick misses the wraith.
The wraith is almost destroyed.
The yak snorts and paws the ground.
The wraith misses you.
You hit the wraith but do no damage. You claw the wraith.
You headbutt the wraith.
You destroy the wraith!
Your Fighting skill increases to level 2!
Your Armour skill increases to level 1!
Your Dodging skill increases to level 5!
Your Unarmed Combat skill increases to level 9!
You have reached level 6!
Your experience leads to a dramatic increase in your attributes!
Increase (S)trength, (I)ntelligence, or (D)exterity?
You feel stronger. x4
Okay, then.
You hit the two-headed ogre. Your kick misses the two-headed ogre.
You headbutt the two-headed ogre, but do no damage.
The two-headed ogre is lightly wounded.
The two-headed ogre hits you with a +0 giant club!!
Ouch! That really hurt!
You die...

▓.▓
▓.▓
▓)▓
▓.▓
▓.▓
▓[▓
▓.▓
▓.▓
▓@▓
▓O▓
▓.▓
▓g▓
▓l▓
▓Y▓
▓Y▓
▓.▓


You could see a two-headed ogre (can't see you), 2 yaks, a wyvern (can't see
you) and a gnoll sergeant (can't see you).

Vanquished Creatures
  A wraith (D)
  A centaur (D)
  A necrophage (D)
  A scorpion (D)
  A white imp (D)
  A dart slug (D)
  An endoplasm (D)
  2 goblins (D)
  A bat (D)
  A kobold (D)
11 creatures vanquished.

Notes
Turn   | Place    | Note
-------+----------+-------------------------------------------
     0 | D        | mhtbhm the Demigod Transmuter began the quest for the Orb.
     0 | D        | Reached XP level 1. HP: 15/15 MP: 5/5
     9 | D        | Reached skill level 3 in Unarmed Combat
    63 | D        | Noticed a scorpion
    63 | D        | Noticed a centaur
    63 | D        | Noticed a necrophage
    73 | D        | Killed a scorpion
    74 | D        | Reached skill level 1 in Fighting
    74 | D        | Reached skill level 5 in Unarmed Combat
    74 | D        | Reached XP level 2. HP: 17/23 MP: 8/8
    74 | D        | Reached XP level 3. HP: 21/28 MP: 10/10
    76 | D        | Killed a centaur
    77 | D        | Reached skill level 7 in Unarmed Combat
    77 | D        | Reached XP level 4. HP: 20/35 MP: 10/12
    83 | D        | Killed a necrophage
    84 | D        | Reached skill level 8 in Unarmed Combat
    84 | D        | Reached XP level 5. HP: 22/41 MP: 10/14
   307 | D        | Learned a level 2 spell: Wereblood
   311 | D        | Learned a level 3 spell: Spider Form
   316 | D        | Learned a level 4 spell: Ice Form
   318 | D        | Noticed a wraith
   318 | D        | Noticed a two-headed ogre
   318 | D        | Noticed a wyvern
   318 | D        | Noticed a yak
   318 | D        | Noticed a yak
   339 | D        | Killed a wraith
   340 | D        | Reached skill level 1 in Armour
   340 | D        | Reached skill level 5 in Dodging
   340 | D        | Reached skill level 9 in Unarmed Combat
   340 | D        | Reached XP level 6. HP: 30/48 MP: 14/16
   340 | D        | Slain by a two-headed ogre

Illustrated notes

Levels and vault maps discovered:
D:        linesprint [early_d, line_temple, items_1, d_10, items_2, lair_1,
          lair_end, items_3, orc_1, orc_end, items_4, d_15, swamp_1, shoals_1,
          snake_1, spider_1, d_20, vaults_1, items_5, swamp_end, shoals_end,
          snake_end, spider_end, vaults_end, d_27, items_6, zot_1, zot_end,
          crypt_end, forest_end, elf_end, slime_end, tomb_end, abyss_end,
          pan_hell_end]

Skill      XL: |  1  2  3  4  5 |
---------------+----------------+-----
Unarmed Combat | 5 7 8 9 |  9.4
Spellcasting   | 3 4 |  4.8
Dodging        | 3 4 5 |  5.0
Transmutations | 3 4 |  4.8
Fighting       | 1 2 |  2.1
Armour         | 1 |  1.1

Action                   |  1- 3 |  4- 6 || total
-------------------------+-------+-------++-------
Melee: Unarmed           |    27 |    25 ||    52
       Kick              |     9 |     8 ||    17
       Headbutt          |     1 |     3 ||     4
       Punch             |       |     2 ||     2
 Cast: Beastly Appendage |     2 |     1 ||     3
       Wereblood         |       |     1 ||     1
  Use: Potion            |     1 |     2 ||     3
Armor: Robe              |     9 |       ||     9
       Ring mail         |       |     3 ||     3
Dodge: Dodged            |    14 |    15 ||    29

Table legend: (Time is in decaauts)
 A = Elapsed time spent in this place.
 B = Non-inter-level travel time spent in this place.
 C = Inter-level travel time spent in this place.
 D = Time resting spent in this place.
 E = Time spent auto-exploring this place.
 F = Levels seen in this place.
 G = Mean time per level.
                   A        B        C        D        E       F      G
               +--------+--------+--------+--------+--------+-----+--------+
         Total |    352 |    352 |      0 |    180 |      3 |   1 |  352.0 |
       Dungeon |    352 |    352 |      0 |    180 |      3 |   1 |  352.0 |
               +--------+--------+--------+--------+--------+-----+--------+

Top non-repeatable levels by time:
       D: 352 daAuts
